 Dungeon Crawl Stone Soup version 0.16-a0-286-g6bac339 (webtiles) character file.

395 Kashira the Gusty (level 6, -2/32 HPs)
             Began as a Tengu Air Elementalist on Aug 28, 2014.
             Was an Initiate of Qazlal.
             Shot with an arrow by a centaur (8 damage)
             ... on Level 5 of the Dungeon.
             The game lasted 00:19:09 (4641 turns).

Kashira the Gusty (Tengu Air Elementalist)          Turns: 4641, Time: 00:19:09

HP  -2/32        AC  2     Str  8      XL: 6   Next: 82%
MP  12/17        EV 13     Int 17      God: Qazlal [......]
Gold 214         SH  0     Dex 15      Spells:  2 memorised, 10 levels left

rFire  . . .     SeeInvis .     m - +2 short sword (speed)
rCold  . . .     Clarity  .     a - +0 robe
rNeg   . . .     rCorr    .     (no shield)
rPois  .         rRot     .     (helmet restricted)
rElec  .         Spirit   .     (no cloak)
SustAb .         Warding  .     (no gloves)
rMut   .         Stasis   .     (boots unavailable)
Gourm  .                        (no amulet)
MR     .....                    (no ring)
                                (no ring)

@: not resistant to hostile enchantments, unstealthy
A: able to fly, beak, talons 3
a: Fly, Renounce Religion


You were on level 5 of the Dungeon.
You worshipped Qazlal.
Qazlal was noncommittal.
You were very hungry.

You visited 1 branch of the dungeon, and saw 5 of its levels.

You collected 214 gold pieces.

Inventory:

Hand weapons
 m - a +2 short sword of speed (weapon)
Missiles
 o - 3 tomahawks (quivered)
Armour
 a - a +0 robe (worn)
Magical devices
 q - a wand of flame (11) {unknown}
Comestibles
 c - 6 bread rations
 d - 5 meat rations
 l - a beef jerky
Scrolls
 e - a scroll of identify
 j - 3 scrolls of immolation
 n - a scroll of teleportation {unknown}
Potions
 f - a potion of lignification
 g - 2 potions of might
 h - 2 potions of resistance
 k - a potion of haste
 p - a potion of porridge
Books
 b - a book of Air

   Spells                             Type                      Level
   *Shock                             Conjuration/Air              1
   *Swiftness                         Charms/Air                   2
   Repel Missiles                     Charms/Air                   2
   Flight                             Charms/Air                   3
   Static Discharge                   Conjuration/Air              3
   Lightning Bolt                     Conjuration/Air              5


   Skills:
 + Level 0.2 Fighting
 + Level 2.5 Dodging
 + Level 2.1 Stealth
 + Level 4.1 Spellcasting
 + Level 4.1 Conjurations
 + Level 6.7 Air Magic


You had 10 spell levels left.
You knew the following spells:

 Your Spells              Type           Power        Failure   Level  Hunger
a - Shock                 Conj/Air       ###.         1%          1    None
b - Swiftness             Chrm/Air       ##......     10%         2    ##.....


Dungeon Overview and Level Annotations

Branches:
Dungeon (5/15)             Temple (0/1) D:4

Altars:
Cheibriados
Qazlal
Trog

Shops:
D:5 }


Innate Abilities, Weirdness & Mutations

You can fly.
You have a beak for a mouth.
You have claws for feet.


Message History

Confirm with . or Enter, or press ? or * to list all spells.
Aiming: Shock
Press: ? - help, Shift-Dir - straight line, f/p - centaur
Aim: a centaur, wielding a shortbow (moderately wounded)
The zap hits the centaur.
The centaur appears unharmed.
The centaur is moderately wounded.
The centaur shoots an arrow.
The arrow hits you!
* * * LOW HITPOINT WARNING * * *
Casting: Shock
Confirm with . or Enter, or press ? or * to list all spells.
Aiming: Shock
Press: ? - help, Shift-Dir - straight line, f/p - centaur
Aim: a centaur, wielding a shortbow (moderately wounded)
The zap hits the centaur.
The centaur is heavily wounded.
The centaur shoots an arrow.
The arrow closely misses you.
Drink which item? (? for menu, Esc to quit)
It has a very clean taste.
It was a potion of cure mutation.
The centaur shoots an arrow.
The arrow hits you!
You die...

######## #.....(####
#.@.....#
.......?##.##.######
#.##.## #.##......#
.c ..#######.# ..#
#### #.### #.#.##
#..#.## #.###.#
##.#.##


You could see a centaur.

Vanquished Creatures
  2 ogres (D:4)
  An orc wizard (D:4)
  A worker ant (D:4)
  8 adders
  3 gnolls (D:4)
  A worm (D:2)
  3 giant geckos
  3 orcs (D:4)
  A ball python (D:3)
  8 bats
  3 giant cockroaches
  8 goblins
  10 hobgoblins
  8 jackals (D:1)
  3 quokkas
  3 giant newts (D:1)
  A goblin skeleton (D:4)
  5 kobolds
  8 rats
80 creatures vanquished.

Notes
Turn   | Place    | Note
--------------------------------------------------------------
     0 | D:1      | Kashira, the Tengu Air Elementalist, began the quest for the Orb.
     0 | D:1      | Reached XP level 1. HP: 10/10 MP: 3/3
   336 | D:1      | Reached XP level 2. HP: 10/15 MP: 2/6
   834 | D:1      | Reached XP level 3. HP: 8/19 MP: 2/7
  1647 | D:2      | Reached skill level 5 in Air Magic
  1804 | D:2      | Reached XP level 4. HP: 12/24 MP: 0/9
  2310 | D:2      | Learned a level 2 spell: Swiftness
  2311 | D:2      | Found a bloodstained altar of Trog.
  3127 | D:3      | Found a snail-covered altar of Cheibriados.
  3192 | D:3      | Reached XP level 5. HP: 28/28 MP: 9/13
  3288 | D:4      | Noticed an ogre
  3665 | D:4      | Found a stormy altar of Qazlal.
  3671 | D:4      | Became a worshipper of Qazlal Stormbringer
  3752 | D:4      | Killed an ogre
  3752 | D:4      | Reached skill level 6 in Air Magic
  3752 | D:4      | Reached XP level 6. HP: 13/32 MP: 0/15
  4183 | D:4      | Found a staircase to the Ecumenical Temple.
  4189 | D:4      | Noticed an ogre
  4195 | D:4      | Killed an ogre
  4501 | D:5      | Entered Level 5 of the Dungeon
  4512 | D:5      | Found Xuybuff's Gadget Shoppe.
  4641 | D:5      | Shot with an arrow by a centaur

Action                   |  1- 3 |  4- 6 || total
-------------------------+-------+-------++-------
Melee: Whip              |    15 |       ||    15
       Unarmed           |     4 |       ||     4
       Short sword       |    25 |    13 ||    38
 Cast: Shock             |    81 |   143 ||   224
       Swiftness         |       |     1 ||     1
  Use: Scroll            |     1 |     4 ||     5
       Potion            |       |     1 ||     1
  Eat: Chunk             |     4 |     7 ||    11
